 Dungeon Crawl Stone Soup version 0.14-a0-2810-g474977d (webtiles) character file.

26251 Laan the Destroyer (level 12, -5/60 HPs)
             Began as a Deep Elf Fire Elementalist on Feb 25, 2014.
             Was a High Priest of Vehumet.
             Slain by a staircase mimic (7 damage)
             ... on Level 4 of the Lair of Beasts.
             The game lasted 01:18:02 (19176 turns).

Laan the Destroyer (Deep Elf Fire Elementalist)    Turns: 19176, Time: 01:18:02

HP  -5/60        AC  9     Str  5      XL: 12   Next: 85%
MP  25/37        EV 13     Int 29      God: Vehumet [*****.]
Gold 1243        SH  0     Dex 14 (15) Spells:  7 memorised, 19 levels left

rFire  + . .     SeeInvis .     u - +3,+2 long sword (drain)
rCold  + . .     Clarity  .     w - +2 orc robe {rC+ rF+}
rNeg   . . .     Conserve .     (no shield)
rPois  +         rCorr    .     M - +0 hat
rElec  .         rRot     .     p - +0 cloak
SustAb . .       Spirit   .     g - +2 pair of dwarf gloves
rMut   .         Warding  .     (no boots)
Gourm  +         Stasis   .     F - amulet of the gourmand
MR     ++...                    C - ring of the Mage {Wiz MR+ Int+3}
                                r - cursed ring of poison resistance

@: held, very resistant to hostile enchantments, fairly stealthy
A: rugged brown scales 1, blurry vision 1, fast metabolism 1
a: Renounce Religion


You were on level 4 of the Lair of Beasts.
You worshipped Vehumet.
Vehumet was extremely pleased with you.
You were completely stuffed.

You visited 3 branches of the dungeon, and saw 16 of its levels.
You also visited: Ice Cave.

You collected 1243 gold pieces.

Inventory:

Hand weapons
 u - a +3,+2 long sword of draining (weapon)
Armour
 g - a +2 pair of dwarven gloves (worn)
 p - a +0 cloak (worn)
 w - a +2 orcish robe of resistance (worn)
 M - a +0 hat (worn)
Magical devices
 i - a wand of fire (8)
 G - a wand of fireball (3)
Comestibles
 a - 2 apricots
 c - 3 bread rations
 l - a chunk of naga flesh
 K - 7 strawberries
Scrolls
 b - 2 scrolls of amnesia
 e - 6 scrolls of identify
 h - a scroll of enchant armour
 j - 10 scrolls of remove curse
 k - a scroll of fog
 m - 3 scrolls of teleportation
 n - 2 scrolls of fear
Jewellery
 r - a cursed ring of poison resistance (left hand)
 C - the ring of the Mage (right hand) {Wiz MR+ Int+3}
   (You found it in an ice cave)

   [ring of wizardry]

   It affects your intelligence (+3).
   It affects your resistance to hostile enchantments.
 F - an amulet of the gourmand (around neck)
Potions
 d - a potion of porridge
 f - a potion of curing


   Skills:
 - Level 2.4 Dodging
 - Level 2.4 Stealth
 + Level 15.2 Spellcasting
 * Level 18.4 Conjurations
 - Level 3.2 Fire Magic


You had 19 spell levels left.
You knew the following spells:

 Your Spells              Type           Power        Failure   Level  Hunger
a - Flame Tongue          Conj/Fire      #####        1%          1    None
b - Throw Flame           Conj/Fire      ######       1%          2    None
c - Conjure Flame         Conj/Fire      ######..     1%          3    None
d - Sticky Flame          Conj/Fire      ######..     1%          4    None
e - Fireball              Conj/Fire      ######....   1%          5    None
f - Iron Shot             Conj/Erth      ######....   1%          6    ###....
g - Shock                 Conj/Air       ####         1%          1    None


Dungeon Overview and Level Annotations

Branches:
Dungeon (11/16)            Temple (1/1) D:6            Lair (4/8) D:11
 Spider (0/5) Lair:3
    Orc: D:9-12       Swamp: Lair:3-6    Shoals: Lair:3-6     Snake: Lair:3-6

Altars:
Ashenzari
Cheibriados
Dithmenos
Elyvilon
Kikubaaqudgha
Nemelex Xobeh
Okawaru
Sif Muna
Trog
Vehumet
Xom
Yredelemnul
Zin

Shops:
D:6 }

Annotations:
D:10 Grum


Innate Abilities, Weirdness & Mutations

You are partially covered in rugged brown scales (AC +1, +3% HP).
Your vision is a little blurry.
You have a fast metabolism.


Message History

The floor.
Read which item? (? for menu, Esc to quit)
Okay, then.
Unknown command.
Press: ? - help, v - describe, . - travel
Here: a staircase mimic (lightly damaged, holding you, covered in liquid flames)
The floor.
Unknown command.
Drink which item? (? for menu, Esc to quit)
Okay, then.
Unknown command.
Read which item? (? for menu, Esc to quit)
The writing blurs in front of your eyes.
The staircase mimic burns!
The staircase mimic hits you but does no damage.
The staircase mimic closely misses you.
Read which item? (? for menu, Esc to quit)
The writing blurs in front of your eyes.
The staircase mimic burns!
The staircase mimic hits you!
You die...

≈.....### ####..........##
.≈.#.#.# ##..#...........#
≈.≈...## ##.#....[.......P##
.≈.#...# ##..................
≈.≈.#.## ###...###.............
.≈.....# #.......#.............
≈.≈.#.P.####.....).#..........%..
.≈...f...#.......................
....P..........>@................
...f.#...........................
...f#......#.......#.....#..#.+##
.....#.....#.......#.P...........
...........###...###.f...#...f.#.
.#...#............ #.#...#.......
#.#...%........... #...#.#.......
.#...#............ ..............
.(................ ....#........P


You could see a staircase mimic (burning).

Vanquished Creatures
  Gastronok (Lair:2)
  2 ice dragons (IceCv)
  A hydra (Lair:3)
  Nergalle (D:11)
  2 ice statues (IceCv)
  Pikel (D:5)
  An orb spider (Lair:3)
  3 black mambas
  5 spiny frogs
  A queen ant (D:8)
  3 item mimics
  4 komodo dragons
  3 trolls
  12 yaks
  3 sharks (Lair:4)
  Eustachio (D:7)
  3 wraiths
  3 hungry ghosts
  A hippogriff (Lair:1)
  Edmund (D:7)
  2 wolves (D:10)
  6 soldier ants (D:8)
  5 orc warriors
  2 nagas (Lair:4)
  6 porcupines
  4 ogres
  6 sky beasts
  A slave (D:5)
  A phantom (D:7)
  A boring beetle (Lair:3)
  2 giant goldfish (Lair:4)
  28 ice beasts
  2 centaurs
  5 crocodiles (Lair:1)
  A big kobold (D:11)
  Blork the orc (D:4)
  2 agate snails (Lair:2)
  12 giant frogs
  A hippogriff zombie (D:10)
  4 killer bees (D:9)
  A yak skeleton (D:8)
  A hippogriff skeleton (D:7)
  4 electric eels
  4 wights (D:7)
  6 crimson imps
  Dowan (D:5)
  2 centaur zombies
  3 human zombies (D:7)
  6 orc priests
  3 big fish
  Crazy Yiuf (D:2)
  A jelly (D:5)
  A quasit (D:10)
  4 scorpions
  14 orc wizards
  3 human skeletons (D:7)
  6 hounds
  A two-headed ogre skeleton (D:10)
  A water moccasin skeleton (D:8)
  2 spectral orcs (D:11)
  33 worker ants
  4 iguanas
  A killer bee zombie (D:7)
  A big kobold zombie (D:8)
  10 adders
  9 gnolls
  19 green rats
  2 giant centipedes
  2 giant mites
  6 worms
  An iguana skeleton (D:10)
  2 giant eyeballs
  An ooze (D:4)
  61 orcs
  29 bats
  A bat zombie (D:8)
  8 giant cockroaches
  21 goblins
  24 hobgoblins
  14 jackals
  11 quokkas
  5 ball pythons
  11 giant geckos
  4 giant newts
  A giant spore (D:8)
  21 kobolds
  A kobold skeleton (D:4)
  A kobold zombie (D:7)
  An orc zombie (D:7)
  16 rats
  A rat skeleton (D:6)
  A rat zombie (D:6)
  A ballistomycete (D:8)
533 creatures vanquished.

Vanquished Creatures (others)
  Duvessa (D:5)
  A crimson imp (D:5)
  A worker ant (D:5)
  Ijyb (D:5)
  A giant spore (D:11)
5 creatures vanquished.

Grand Total: 538 creatures vanquished

Notes
Turn   | Place    | Note
--------------------------------------------------------------
     0 | D:1      | Laan, the Deep Elf Fire Elementalist, began the quest for the Orb.
     0 | D:1      | Reached XP level 1. HP: 10/10 MP: 5/5
   502 | D:1      | Reached XP level 2. HP: 15/15 MP: 6/8
  1242 | D:2      | Reached XP level 3. HP: 17/19 MP: 5/10
  1495 | D:2      | Reached skill level 4 in Conjurations
  1591 | D:2      | Learned a level 2 spell: Throw Flame
  1595 | D:2      | Learned a level 3 spell: Conjure Flame
  1713 | D:2      | Reached XP level 4. HP: 18/24 MP: 3/13
  1842 | D:2      | Noticed Crazy Yiuf
  1849 | D:2      | Killed Crazy Yiuf
  2070 | D:2      | Reached skill level 5 in Conjurations
  2502 | D:3      | Reached XP level 5. HP: 10/28 MP: 9/16
  3604 | D:4      | Reached skill level 6 in Conjurations
  3610 | D:4      | Learned a level 4 spell: Sticky Flame
  3649 | D:4      | Reached XP level 6. HP: 26/32 MP: 11/18
  3842 | D:4      | Reached skill level 7 in Conjurations
  3900 | D:4      | Found a sparkling altar of Nemelex Xobeh.
  3993 | D:4      | Reached XP level 7. HP: 28/36 MP: 5/21
  4329 | D:4      | Reached skill level 8 in Conjurations
  4373 | D:4      | Noticed Blork the orc
  4385 | D:4      | Killed Blork the orc
  4385 | D:4      | Reached skill level 5 in Spellcasting
  4510 | D:5      | Entered Level 5 of the Dungeon
  5089 | D:5      | Reached skill level 9 in Conjurations
  5096 | D:5      | Learned a level 5 spell: Fireball
  5104 | D:5      | Reached XP level 8. HP: 33/41 MP: 17/25
  5275 | D:5      | Noticed Pikel
  5287 | D:5      | Killed Pikel
  5287 | D:5      | Reached skill level 10 in Conjurations
  5315 | D:5      | Killed Ijyb
  5343 | D:5      | Noticed Dowan
  5366 | D:5      | Killed Dowan
  5452 | D:5      | Killed Duvessa
  6212 | D:5      | Reached skill level 11 in Conjurations
  6362 | D:6      | Reached XP level 9. HP: 34/45 MP: 19/28
  6549 | D:6      | Found a staircase to the Ecumenical Temple.
  6556 | Temple   | Entered the Ecumenical Temple
  6673 | Temple   | Became a worshipper of Vehumet
  6822 | D:6      | Found Roackar's Gadget Shoppe.
  7059 | D:7      | Noticed Edmund
  7082 | D:7      | Killed Edmund
  7225 | D:7      | Gained mutation: You are partially covered in rugged brown scales (AC +1, +3% HP). [potion of mutation]
  7225 | D:7      | Gained mutation: You have a fast metabolism. [potion of mutation]
  7225 | D:7      | Gained mutation: Your vision is a little blurry. [potion of mutation]
  7403 | D:7      | Found a sparkling altar of Nemelex Xobeh.
  7414 | D:7      | Reached skill level 12 in Conjurations
  7417 | D:7      | Acquired Vehumet's first power
  7417 | D:7      | Offered knowledge of Sting by Vehumet.
  7540 | D:7      | Found a white marble altar of Elyvilon.
  8045 | D:7      | Noticed Eustachio
  8263 | D:7      | Found a deep blue altar of Sif Muna.
  8318 | D:7      | Killed Eustachio
  8318 | D:7      | Reached skill level 10 in Spellcasting
  8504 | D:7      | Reached skill level 13 in Conjurations
  8504 | D:7      | Reached XP level 10. HP: 49/51 MP: 25/31
  8730 | D:7      | Found a basalt altar of Yredelemnul.
  9037 | D:8      | Offered knowledge of Shock by Vehumet.
  9093 | D:8      | Learned a level 6 spell: Iron Shot
  9194 | D:8      | Found a snail-covered altar of Cheibriados.
  9425 | D:7      | Learned a level 1 spell: Shock
 10367 | D:8      | Reached skill level 14 in Conjurations
 10394 | D:8      | Offered knowledge of Stone Arrow by Vehumet.
 10651 | D:8      | Paralysed by a potion of paralysis for 3 turns
 10897 | D:9      | Acquired Vehumet's second power
 11282 | D:9      | Offered knowledge of Fulminant Prism by Vehumet.
 11524 | D:10     | Entered Level 10 of the Dungeon
 11711 | D:10     | Reached XP level 11. HP: 7/55 MP: 7/34
 11712 | D:10     | Noticed Grum
 12241 | D:10     | Reached skill level 15 in Conjurations
 12644 | D:10     | Paralysed by a giant eyeball for 4 turns
 12753 | D:11     | Found a shimmering altar of Xom.
 12759 | D:10     | Acquired Vehumet's third power
 12818 | D:11     | Offered knowledge of Mephitic Cloud by Vehumet.
 13010 | D:11     | Found a frozen archway.
 13017 | IceCv    | Entered an ice cave
 13118 | IceCv    | Noticed an ice statue
 13118 | IceCv    | Noticed an ice statue
 13127 | IceCv    | Killed an ice statue
 13134 | IceCv    | Killed an ice statue
 13564 | IceCv    | Noticed an ice dragon
 13566 | IceCv    | Noticed an ice dragon
 13568 | IceCv    | Killed an ice dragon
 13568 | IceCv    | Reached skill level 16 in Conjurations
 13570 | IceCv    | Killed an ice dragon
 14429 | D:11     | Noticed Nergalle
 15365 | D:11     | Found a staircase to the Lair.
 15387 | D:11     | Killed Nergalle
 15387 | D:11     | Reached XP level 12. HP: 60/60 MP: 10/36
 15532 | Lair:1   | Entered Level 1 of the Lair of Beasts
 15650 | Lair:1   | Offered knowledge of Delayed Fireball by Vehumet.
 16092 | Lair:1   | Reached skill level 17 in Conjurations
 16596 | Lair:2   | Noticed Gastronok
 16603 | Lair:2   | Killed Gastronok
 17487 | Lair:3   | HP: 1/60 [spiny frog (8)]
 17828 | Lair:3   | Offered knowledge of Bolt of Cold by Vehumet.
 17928 | Lair:3   | Noticed an eight-headed hydra
 17931 | Lair:3   | Killed an eight-headed hydra
 18106 | Lair:3   | Reached skill level 18 in Conjurations
 18169 | Lair:3   | Found a hole to the Spider Nest.
 18384 | Lair:4   | Reached skill level 15 in Spellcasting
 19138 | Lair:4   | Found a staircase to the Snake Pit.
 19170 | Lair:4   | the staircase to the Snake Pit was a mimic.
 19174 | Lair:4   | HP: 2/60 [staircase mimic (7)]
 19176 | Lair:4   | Slain by a staircase mimic

Action                   |  1- 3 |  4- 6 |  7- 9 | 10-12 || total
-------------------------+-------+-------+-------+-------++-------
Melee: Short sword       |     2 |       |    22 |   100 ||   124
       Staff             |       |     1 |       |       ||     1
       Flail             |       |       |    34 |       ||    34
       Long sword        |       |       |       |    11 ||    11
 Cast: Flame Tongue      |    78 |   141 |   345 |   482 ||  1046
       Conjure Flame     |       |     1 |     8 |    24 ||    33
       Throw Flame       |       |       |     7 |     7 ||    14
       Sticky Flame      |       |       |    15 |    59 ||    74
       Shock             |       |       |       |    18 ||    18
       Fireball          |       |       |       |   118 ||   118
       Iron Shot         |       |       |       |    15 ||    15
Evoke: Wand              |       |       |     9 |    12 ||    21
  Use: Scroll            |       |       |    10 |    19 ||    29
       Potion            |       |       |     6 |    10 ||    16
 Stab: Confused          |       |       |     3 |       ||     3
